 Dungeon Crawl Stone Soup version 0.29.1-1-gd02db6906a (webtiles) character file.

Game seed: 5099324230925492815

54 LabCoat the Trooper (level 3, -1/33 HPs)
             Began as a Hill Orc Fighter on Sept 16, 2022.
             Slain by Crazy Yiuf
             ... wielding a +2 quarterstaff of chaos
              (2 damage)
             ... on level 2 of the Dungeon.
             The game lasted 00:02:47 (1478 turns).

LabCoat the Trooper (Hill Orc Fighter)              Turns: 1478, Time: 00:02:49

Health: -1/33      AC:  9    Str: 20    XL:     3   Next: 91%
Magic:  3/3        EV:  9    Int:  8    God:
Gold:   107        SH:  4    Dex: 10    Spells: 2/2 levels left

rFire   . . .      SeeInvis .   a - +0 war axe
rCold   . . .      Faith    .   c - +0 buckler
rNeg    . . .      Spirit   .   b - +0 scale mail
rPois   .          Reflect  .   (no helmet)
rElec   .          Harm     .   g - +0 cloak
rCorr   .          Rampage  .   (no gloves)
Will    .....                   f - +0 pair of boots
Stlth   ..........              (no amulet)
HPRegen 0.11/turn               (no ring)
MPRegen 0.08/turn               (no ring)

@: mighty, lethally poisoned (-1 -> -10)
A: no striking features
a: no special abilities


You were on level 2 of the Dungeon.
You visited 1 branch of the dungeon, and saw 2 of its levels.

You collected 107 gold pieces.

Inventory:

Hand Weapons
 a - a +0 war axe (weapon)
Armour
 b - a +0 scale mail (worn)
 c - a +0 buckler (worn)
 f - a +0 pair of boots (worn)
 g - a +0 cloak (worn)
Scrolls
 h - a scroll of amnesia {unknown}
 i - a scroll of magic mapping {unknown}
Potions
 e - 2 potions of mutation {unknown}
 j - a potion of degeneration {unknown}
 k - a potion of heal wounds {unknown}


   Skills:
 + Level 4.1 Fighting
 * Level 4.0 Axes
 + Level 3.7 Armour
 + Level 3.7 Shields


You had 2 spell levels left.
You didn't know any spells.
Your spell library was empty.

Dungeon Overview and Level Annotations

Branches:
Dungeon (2/15)

Altars:

Shops:
D:1 [

Annotations:
D:2 Crazy Yiuf


Message History

Found a stone staircase leading up.
You aren't carrying any scrolls.
h - a scroll labelled PITI HYKEBBUP
There is a stone staircase leading up here.
i - a scroll labelled LIUPUK BEOLU Your butterfly disappears in a burst of colours!
You swap places.
You swap places.
Your butterfly disappears in a burst of colours!
Your butterfly disappears in a burst of colours!
Your butterfly disappears in a burst of colours!
Your butterfly disappears in a burst of colours!
Your butterfly disappears in a burst of colours!
Your butterfly disappears in a burst of colours!
Found a mace.
Okay, then.
You see here a +0 mace.
Things that are here:
a +0 short sword; 3 stones; a kobold corpse
j - a black potion
k - a murky black potion
Found a runed translucent door.
Crazy Yiuf shouts!
Crazy Yiuf yells, "Citrus eyeball arm!"
You feel very mighty all of a sudden.
You open the door. You slash Crazy Yiuf!
Crazy Yiuf is moderately wounded.
Crazy Yiuf hits you with a +2 quarterstaff of chaos!
You are poisoned.
Crazy Yiuf hits you with a +2 quarterstaff of chaos!
Crazy Yiuf freezes you.
You slash Crazy Yiuf!
Crazy Yiuf is almost dead.
* * * LOW HITPOINT WARNING * * *
You feel very sick.
Crazy Yiuf hits you with a +2 quarterstaff of chaos.
* * * LOW HITPOINT WARNING * * *
Crazy Yiuf freezes you.
You die...

.#.##.##...##
###..#######
.#.##......####
#........##
..............#
##.#####..#
)#.###.#.######
### ##.#
.....#...# #.#
.....###.#
########.# .....#
### ###
###.#...##.#
.#####
#...##..#.......#
.#
#...g@####......#
## #)..###
##..#.## ###
######


You could see Crazy Yiuf.

Vanquished Creatures
  An adder (D:2)
  A worm (D:2)
  2 dart slugs (D:1)
  2 ball pythons (D:1)
  2 bats (D:1)
  5 endoplasms (D:1)
  5 giant cockroaches
  5 kobolds
  5 quokkas
  A frilled lizard (D:1)
  3 goblins
  4 rats
36 creatures vanquished.

Notes
Turn   | Place    | Note
-------+----------+-------------------------------------------
     0 | D:1      | LabCoat the Hill Orc Fighter began the quest for the Orb.
     0 | D:1      | Reached XP level 1. HP: 19/19 MP: 1/1
   177 | D:1      | Reached XP level 2. HP: 27/27 MP: 2/2
   675 | D:1      | Found Ohufix's Armour Emporium.
   761 | D:1      | Reached XP level 3. HP: 33/33 MP: 3/3
  1471 | D:2      | Found a runed translucent door.
  1472 | D:2      | Noticed Crazy Yiuf
  1478 | D:2      | HP: 1/33 [Crazy Yiuf/+2 quarterstaff of chaos (6)]
  1478 | D:2      | Slain by Crazy Yiuf

Illustrated notes

Levels and vault maps discovered:
D:1:      pf_arrival_petrified_forest, layout_basic, serial_shops, shop,
          hex_medium, st_stairs_3, hangedman_feature_mirror, interstate_on_off,
          minmay_pentomino_q4
D:2:      layout_rooms, uniq_crazy_yiuf_cottage

Skill      XL: |  1  2  3 |
---------------+----------+-----
Axes           | 3 4 |  4.0
Fighting       | 4 |  4.1
Armour         | |  3.7
Shields        | |  3.7

Action                   || total
-------------------------++-------
Melee: War axe           ||    84
  Use: Scroll            ||     2
       Potion            ||     1
Armor: Scale mail        ||    30
Dodge: Dodged            ||    33
Block: Buckler           ||    21
